 Dungeon Crawl Stone Soup version 0.21.1-1-g345015fe64 (webtiles) character file.

1218 wisprabbit the Digger (level 8, -1/42 HPs)
             Began as a Gargoyle Earth Elementalist on July 25, 2018.
             Was a Believer of Nemelex Xobeh.
             Slain by a hog (8 damage)
             ... on level 6 of the Dungeon.
             The game lasted 02:29:01 (5967 turns).

wisprabbit the Digger (Gargoyle Earth Elementalist) Turns: 5967, Time: 02:29:04

Health: -1/42      AC: 10    Str: 14    XL:     8   Next: 46%
Magic:  6/16       EV: 12    Int: 16    God:    Nemelex Xobeh [**....]
Gold:   270        SH:  0    Dex: 12    Spells: 7/17 levels left

rFire    + + +     SeeInvis .   y - +3 hand axe
rCold    . . .     Gourm    .   (no shield)
rNeg     + . .     Faith    .   q - +2 robe {rC+ rF+}
rPois    ∞         Spirit   .   a - +0 helmet
rElec    +         Reflect  .   (no cloak)
rCorr    .         Harm     .   (no gloves)
MR       .....                  (no boots)
Stlth    ++........             (no amulet)
HPRegen  0.14/turn              f - ring of fire
MPRegen  0.15/turn              n - ring of protection from fire

@: no status effects
A: negative energy resistance 1, sense surroundings 1, electricity resistance,
strong 1, unbreathing, evolution 1, petrification resistance, rot immunity, AC
+5
a: Renounce Religion


You were on level 6 of the Dungeon.
You worshipped Nemelex Xobeh.
Nemelex Xobeh was pleased with you.
You were not hungry.

You visited 1 branch of the dungeon, and saw 7 of its levels.

You collected 270 gold pieces.

Inventory:

Hand Weapons
 s - a +4 hunting sling
 y - a +3 hand axe (weapon)
Missiles
 b - 58 stones
 j - 3 poisoned tomahawks
 m - 44 sling bullets
 v - 8 tomahawks (quivered)
Armour
 a - a +0 helmet (worn)
 q - a +2 robe of resistance (worn)
Jewellery
 f - a ring of fire (left hand)
 n - a ring of protection from fire (right hand)
 r - an uncursed ring of fire
Wands
 c - a wand of enslavement (12)
 B - a wand of polymorph (12)
Scrolls
 g - 2 scrolls of enchant weapon
 o - a scroll of fog
 p - a scroll of amnesia
 u - a scroll of remove curse
 x - a scroll of identify
Potions
 h - 2 potions of might
 i - 2 potions of resistance
 l - a potion of magic
 t - a potion of flight
Books
 e - a book of Geomancy

   Spells                             Type                      Level
   a - Sandblast                      Earth                        1
   b - Passwall                       Transmutation/Earth          2
   c - Stone Arrow                    Conjuration/Earth            3
   d - Petrify                        Transmutation/Earth          4
   e - Lee's Rapid Deconstruction     Earth                        5
Miscellaneous
 w - a plain deck of escape {drawn: 3}
Comestibles
 d - 8 rations
 k - 2 chunks of flesh


   Skills:
 + Level 0.5 Fighting
 + Level 0.5 Axes
 + Level 1.0 Throwing
 + Level 2.4 Dodging
 + Level 3.3 Stealth
 + Level 1.9 Unarmed Combat
 + Level 5.4 Spellcasting
 + Level 3.4 Conjurations
 + Level 1.0 Transmutations
 + Level 6.9 Earth Magic
 + Level 2.7 Invocations
 + Level 0.1 Evocations


You had 7 spell levels left.
You knew the following spells:

 Your Spells              Type           Power        Failure   Level  Hunger
a - Sandblast             Erth           ####..       1%          1    None
b - Passwall              Tmut/Erth      ###.......   4%          2    #......
c - Stone Arrow           Conj/Erth      ###...       4%          3    ###....
d - Petrify               Tmut/Erth      ###.....     26%         4    ####...


Dungeon Overview and Level Annotations

Branches:
Dungeon (7/15)             Temple (0/1) D:6

Altars:
Ashenzari
Cheibriados
Fedhas
Makhleb
Nemelex Xobeh
Okawaru
Ru
Wu Jian
Yredelemnul
Zin

Shops:
D:4 ?

Annotations:
D:2 Crazy Yiuf, Sigmund
D:4 Grinder; HANFGEIST's ghost, amateur NaEn
D:7 Ablot's ghost, novice GnSk


Innate Abilities, Weirdness & Mutations

You are resistant to torment.
Your stone body is resilient. (AC +5)
You are immune to poison.
You resist negative energy. (rN+)
You are resistant to electric shocks. (rElec)
You can survive without breathing.
You are immune to petrification.
You are immune to rotting.
You passively map a small area around you.
Your muscles are strong. (Str +2)
You evolve.


Message History

The hog bites you!
* * * LOW HITPOINT WARNING * * *
You feel better. The hog barely misses you.
Okay, then.
Casting: Sandblast
Confirm with . or Enter, or press ? or * to list all spells.
Okay, then.
Casting: Sandblast
Confirm with . or Enter, or press ? or * to list all spells.
Aiming: Sandblast
Press: ? - help, Shift-Dir - straight line, f/p - hog
Aim: a hog (severely wounded)
The blast of sand hits the hog.
The hog is almost dead.
b - 58 stones The hog bites you!
* * * LOW HITPOINT WARNING * * *
The hog bites you!
You die...
Your body glows with a rainbow of weird colours and disappears.

#............#..###..#
#..........#.##..#..## ####
#............##..#.# #...
#...........###..#.# ##.#.
#...[.....### #....# #....
#.........######..## #.#.#
#######.####......#####....
#..h##.......##...#..
###(@...(.......#....
####........###.#..
#........# #....
###...#..###.#..
###.....##.... ###....#.#.#
##...#.... ##...####
##.....#


You could see a hog.

Vanquished Creatures
  A human (D:7)
  A sky beast (D:6)
  2 centaurs (D:6)
  2 bullfrogs
  A wight (D:5)
  A crimson imp (D:6)
  A hound (D:4)
  2 orc priests (D:5)
  4 orc wizards
  A bullfrog skeleton (D:7)
  2 centaur skeletons (D:6)
  An iguana (D:5)
  2 worker ants (D:5)
  A hound zombie (D:5)
  Robin (D:3)
  4 adders
  A gnoll (D:5)
  A howler monkey skeleton (D:4)
  A worm (D:2)
  3 dart slugs
  4 leopard geckos
  27 orcs
  8 giant cockroaches
  2 gnoll zombies (D:3)
  11 goblins
  5 hobgoblins
  7 jackals (D:1)
  7 kobolds
  A quokka (D:6)
  2 ball pythons
  4 bats
  5 frilled lizards
  A giant cockroach zombie (D:6)
  A quokka zombie (D:5)
  7 rats
125 creatures vanquished.

Vanquished Creatures (collateral kills)
  2 adders (D:2)
  2 hobgoblins (D:2)
  2 kobolds (D:2)
  A frilled lizard (D:3)
  A goblin (D:3)
8 creatures vanquished.

Vanquished Creatures (others)
  A hog (D:7)
  An orc wizard (D:3)
  An orc (D:3)
3 creatures vanquished.

Grand Total: 136 creatures vanquished

Notes
Turn   | Place    | Note
-------+----------+-------------------------------------------
     0 | D:1      | wisprabbit the Gargoyle Earth Elementalist began the quest for the Orb.
     0 | D:1      | Reached XP level 1. HP: 10/10 MP: 3/3
   203 | D:1      | Reached skill level 4 in Earth Magic
   215 | D:1      | Reached XP level 2. HP: 15/15 MP: 3/5
   327 | D:1      | Learned a level 2 spell: Passwall
   805 | D:1      | Reached XP level 3. HP: 19/19 MP: 4/6
   847 | D:1      | Found a sparkling altar of Nemelex Xobeh.
   851 | D:1      | Became a worshipper of Nemelex Xobeh the Trickster
   950 | D:2      | Received a gift from Nemelex Xobeh
   964 | D:2      | Reached skill level 1 in Transmutations
  1184 | D:2      | Found a runed door.
  1188 | D:2      | Noticed Crazy Yiuf
  1271 | D:2      | Noticed Sigmund
  1348 | D:2      | Found a snail-covered altar of Cheibriados.
  1546 | D:2      | Reached * piety under Nemelex Xobeh
  1571 | D:2      | Received a gift from Nemelex Xobeh
  1699 | D:3      | Reached XP level 4. HP: 24/24 MP: 7/7
  1717 | D:3      | Reached skill level 1 in Invocations
  1722 | D:3      | Reached skill level 1 in Unarmed Combat
  1727 | D:3      | Reached XP level 5. HP: 27/28 MP: 4/8
  1918 | D:4      | Found a burning altar of Makhleb.
  2019 | D:3      | Learned a level 3 spell: Stone Arrow
  2082 | D:3      | Found a sparkling altar of Nemelex Xobeh.
  2262 | D:3      | Reached ** piety under Nemelex Xobeh
  2323 | D:3      | Noticed Robin
  2355 | D:3      | Killed Robin
  2594 | D:3      | Found a basalt altar of Yredelemnul.
  2748 | D:4      | Found Tuteism's Magic Scroll Shoppe.
  2754 | D:5      | Entered Level 5 of the Dungeon
  2757 | D:4      | Noticed HANFGEIST's ghost (amateur NaEn)
  2770 | D:5      | Reached skill level 5 in Earth Magic
  2937 | D:4      | Found a shattered altar of Ashenzari.
  2937 | D:4      | Found an iron altar of Okawaru.
  2997 | D:4      | Reached XP level 6. HP: 32/32 MP: 2/10
  3109 | D:4      | Learned a level 4 spell: Petrify
  3118 | D:4      | Noticed Grinder
  3141 | D:4      | Received a gift from Nemelex Xobeh
  3266 | D:4      | Found a blossoming altar of Fedhas.
  3401 | D:4      | Found a sacrificial altar of Ru.
  3911 | D:5      | Reached XP level 7. HP: 34/37 MP: 0/13
  4061 | D:6      | Found a staircase to the Ecumenical Temple.
  4251 | D:6      | Reached skill level 1 in Conjurations
  4931 | D:4      | Found an ornate altar of the Wu Jian Council.
  4931 | D:4      | Found a glowing silver altar of Zin.
  5028 | D:6      | Reached skill level 6 in Earth Magic
  5526 | D:6      | Reached XP level 8. HP: 42/42 MP: 0/15
  5597 | D:6      | Reached skill level 5 in Spellcasting
  5756 | D:5      | Gained mutation: Your muscles are strong. (Str +2) [potion of mutation]
  5756 | D:5      | Gained mutation: You evolve. [potion of mutation]
  5756 | D:5      | Gained mutation: You passively map a small area around you. [potion of mutation]
  5871 | D:7      | Noticed Ablot's ghost (novice GnSk)
  5938 | D:7      | Noticed a hog
  5942 | D:7      | Reached skill level 1 in Throwing
  5967 | D:6      | Slain by a hog

Skill      XL: |  1  2  3  4  5  6  7  8 |
---------------+-------------------------+-----
Earth Magic    | 4 5 6 |  6.9
Transmutations | 1 |  1.0
Invocations    | 2 |  2.7
Unarmed Combat | 1 |  1.9
Spellcasting   | 3 4 5 |  5.4
Stealth        | 3 |  3.3
Dodging        | 2 |  2.4
Conjurations   | 2 3 |  3.4
Throwing       | 1 |  1.0
Fighting       | |  0.5
Axes           | |  0.5
Evocations     | |  0.1

Action                   |  1- 3 |  4- 6 |  7- 9 || total
-------------------------+-------+-------+-------++-------
Melee: Unarmed           |   128 |    73 |    31 ||   232
       Hand axe          |       |       |    48 ||    48
Throw: Tomahawk          |       |       |     5 ||     5
 Cast: Sandblast         |    29 |    62 |    33 ||   124
       Passwall          |     1 |       |     1 ||     2
       Stone Arrow       |       |    26 |    31 ||    57
Evoke: Deck              |     7 |    14 |     1 ||    22
       Wand              |       |       |     5 ||     5
  Use: Scroll            |     5 |     3 |     6 ||    14
       Potion            |     4 |     1 |     2 ||     7
 Stab: Sleeping          |     2 |       |       ||     2
  Eat: Chunk             |     3 |    10 |     4 ||    17
       Ration            |       |       |     2 ||     2
Armor: Robe              |    37 |    47 |    35 ||   119
Dodge: Dodged            |    85 |    76 |    74 ||   235
